[Event "Live Chess"]
[Site "Chess.com"]
[Date "2023.05.20"]
[Round "-"]
[White "CeladonFish"]
[Black "Ed_Knox"]
[Result "1-0"]
[WhiteElo "1138"]
[BlackElo "1456"]
[TimeControl "300"]
[EndTime "14:47:21 PDT"]
[Termination "CeladonFish won on time"]

1. d4 g6 2. c4 Bg7 3. Nc3 d6 4. Bf4 e5 5. dxe5 dxe5 6. Be3 Nc6 7. Qxd8+ Kxd8 8. Nf3 f6 9. O-O-O+ Bd7 10. g3 Bh6 11.
Bxh6 Nxh6 12. Bg2 Ng4 13. Ne4 Rf8 14. h3 Nh6 15. Nc5 Rf7 16. Nxb7+ Ke7 17. Nc5 Be6 18.
Nxe6 Kxe6 19. h4 Nf5 20. Bh3 Ne7 21. g4 Nd6 22. g5+ f5 23. c5 Ne4 24. Rh2 Rb8 25. Nd2 Nd5 26. Nxe4 Nf4 27. Rd2 Nxh3 28. Rxh3 fxe4 29.
f3 exf3 30. Rxf3 Rxf3 31. exf3 Rf8 32. Rd3 Rf4 33. Re3 Rxh4 34. Re4 Rh3 35. f4 Kf5 36. Rxe5+ Kxf4 37. Re7 Kxg5 38. Rxc7 h5 39. Rxa7 Rd3 40. c6 Rd8 41. Ra5+ Kg4 42. Rc5 Rc8 43. b4 h4 44.
b5 h3 45. b6 h2 46. b7 h1=Q+ 47.
Kb2 Qg2+ 48. Kb3 Qf3+ 49. Ka4 Qe4+ 50. Kb5 Qd3+ 51. Kb6 Qb1+ 52. Rb5 Qd3 53. bxc8=Q+ 1-0

[Event "Live Chess"]
[Site "Chess.com"]
[Date "2023.05.20"]
[Round "-"]
[White "JoshMcK"]
[Black "lightningorderyt"]
[Result "1-0"]
[WhiteElo "1552"]
[BlackElo "520"]
[TimeControl "300"]
[EndTime "14:47:21 PDT"]
[Termination "JoshMcK won by resignation"]

1. e4 c6 2. d4 d5 3. e5 Bf5 4. h4 h5 5. Nf3 c5 6. Bd3 Nc6 7. Bxf5 e6 8. Bh3 cxd4 9. Nxd4 Nxe5 10. Bf4 Ng6 11. Bg3 Bc5 12. O-O Qb6 13. Nb3 O-O-O 14. Nc3 Nf6 15. Na4 Qc6 16. Naxc5 Qxc5 17. Nxc5 1-0

[Event "Live Chess"]
[Site "Chess.com"]
[Date "2023.05.20"]
[Round "-"]
[White "Delacorta"]
[Black "MrBlond89"]
[Result "1-0"]
[WhiteElo "1424"]
[BlackElo "1377"]
[TimeControl "300"]
[EndTime "14:47:32 PDT"]
[Termination "Delacorta won on time"]

1. d4 d5 2. Nf3 Nc6 3. e3 e5 4. dxe5 Bg4 5. h3 Bxf3 6. Qxf3 Nxe5 7. Qe2 Nf6 8. Qb5+ c6 9. Qe2 Bd6 10. Nd2 O-O 11. Nf3 Qb6 12. Nxe5 Bxe5 13. c3 Ne4 14.
Qc2 Rfe8 15. Bd3 f5 16. Bxe4 dxe4 17. Qb3+ Qxb3 18. axb3 a5 19. Kd2 Red8+ 20. Kc2 b6 21. c4 b5 22. Bd2 a4 23. bxa4 bxa4 24. Bc3 Bxc3 25. Kxc3 Rd3+ 26. Kb4 Rb3+ 27. Kc5 Rxb2 28. Kxc6 Rxf2 29. c5 Rxg2 30. Kd7 Rc2 31. c6 Ra7+ 32. Kd6 Kf7 33. Rhc1 Rd2+ 34. Kc5 a3 35. Kb6 Ra8 36. c7 Rb2+ 37. Kc6 Ke6 38. Rxa3 Rxa3 39. c8=Q+ 1-0

[Event "Live Chess"]
[Site "Chess.com"]
[Date "2023.05.20"]
[Round "-"]
[White "Cimon"]
[Black "BearFromUkraine"]
[Result "1-0"]
[WhiteElo "1831"]
[BlackElo "1091"]
[TimeControl "300"]
[EndTime "14:47:34 PDT"]
[Termination "Cimon won on time"]

1. Nf3 d6 2. d4 Nf6 3. c4 c5 4. d5 Bg4 5. Nc3 e6 6. e4 exd5 7. cxd5 Be7 8. Bf4 O-O 9. Be2 Nbd7 10. O-O a6 11. a4 b5 12. axb5 axb5 13. Bxb5 Rxa1 14. Qxa1 Bxf3 15. gxf3 Nh5 16. Bg3 Bg5 17. f4 Bxf4 18. Qd1 Qg5 19. Qf3 Ne5 20. Qg2 Nxg3 21. hxg3 Bd2 22. f4 Bxf4 23. gxf4 Qxg2+ 24. Kxg2 Ng6 25. Kg3 Rb8 26. Ra1 h6 27. Ra6 Rd8 28. Bc6 Kf8 29. Ra8 Rxa8 30. Bxa8 Ke7 31. Bc6 Nf8 32.
e5 dxe5 33. fxe5 g5 34. Ne4 f5 35. exf6+ Kf7 36. d6 Ke6 37. d7 Nxd7 38. Bxd7+ Kxd7 39. Nxc5+ Ke8 40. b4 Kf7 41. Ne4 h5 42. Nxg5+ Kxf6 43. Ne4+ Ke5 44. Nc3 Kd4 45. b5 Kc5 46. Kh4 Kb6 47.
Kxh5 Kc5 48. Kg5 Kb6 49. Kf5 Kc5 50. Ke5 Kb6 51. Kd6 Kb7 52. Nd5 Kb8 53. Kc6 Kc8 54. b6 Kb8 55. b7 Ka7 56. Kc7 Ka6 57. b8=Q Ka5 58. Qb6+ 1-0

[Event "Live Chess"]
[Site "Chess.com"]
[Date "2023.05.20"]
[Round "-"]
[White "GEMdzq"]
[Black "stevochess11"]
[Result "1-0"]
[WhiteElo "2245"]
[BlackElo "1755"]
[TimeControl "300"]
[EndTime "14:47:36 PDT"]
[Termination "GEMdzq won by resignation"]

1. e4 c5 2. d4 cxd4 3. c3 Nc6 4. Nf3 g6 5. Bc4 Bg7 6. O-O e6 7. cxd4 Nge7 8. Nc3 O-O 9. Bg5 Qa5 10. d5 exd5 11.
exd5 h6 12. Bd2 Nb4 13. a3 Na6 14. Re1 Nf5 15. Ne4 Qc7 16. Rc1 Nc5 17. d6 Qc6 18. Nxc5 Qxc5 19. Bxf7+ Rxf7 20. Rxc5 Bxb2 21. Qb3 Bf6 22. Re8+ 1-0

[Event "Live Chess"]
[Site "Chess.com"]
[Date "2023.05.20"]
[Round "-"]
[White "MarkLim1"]
[Black "weibs440"]
[Result "1-0"]
[WhiteElo "1670"]
[BlackElo "931"]
[TimeControl "300"]
[EndTime "14:47:47 PDT"]
[Termination "MarkLim1 won by resignation"]

1. d4 f5 2. Nf3 e6 3. c4 Nf6 4. e3 b6 5. Be2 Bb7 6. O-O Be7 7. b3 d6 8. Bb2 O-O 9. Nfd2 Ne4 10. Bf3 d5 11. Nc3 Nd7 12. Rc1 Ndf6 13. cxd5 exd5 14. Nb5 c6 15. Nc3 Qe8 16. Ne2 Nxd2 17. Qxd2 Ne4 18. Qd1 Bd6 19. g3 g5 20. Rc2 g4 21. Bg2 Qh5 22.
Qc1 Ng5 23. Ba3 Nf3+ 24. Bxf3 Bxa3 25. Bxg4 Qxg4 26. Qxa3 Qh3 27. Qd6 Rad8 28. Qf4 Bc8 29. Nc1 Qg4 30. Qxg4+ fxg4 31. Nd3 Bf5 32. Rc3 Be4 33.
Ne5 Rf3 34. Nxf3 Bxf3 35. Rxc6 1-0

[Event "Live Chess"]
[Site "Chess.com"]
[Date "2023.05.20"]
[Round "-"]
[White "jennybobby44"]
[Black "Daniel_Gliddon_FA"]
[Result "0-1"]
[WhiteElo "1842"]
[BlackElo "1329"]
[TimeControl "300"]
[EndTime "14:47:58 PDT"]
[Termination "Daniel_Gliddon_FA won by resignation"]

1. Nf3 Nc6 2. d4 d5 3. c4 Bg4 4. e3 Bxf3 5. Qxf3 e6 6. Be2 Qf6 7. O-O Nb4 8. Bd1 Qxf3 9. gxf3 Nc6 10. cxd5 exd5 11. Nc3 Nf6 12. Nb5 O-O-O 13. a3 a6 14.
Nc3 Bd6 15. Bc2 g5 16. Bf5+ Kb8 17. Bd2 h5 18. b4 g4 19. fxg4 hxg4 20. f4 gxf3 21.
Rxf3 Bxh2+ 22. Kf1 Bd6 23. Ke2 Rh2+ 24. Kd3 Bxb4 25.
Be6 Bxa3 26. Nxd5 fxe6 27. Nxf6 e5 28. Rxa3 exd4 29. exd4 Rxd4+ 30. Kc2 Rdxd2+ 31. Kc3 Rc2+ 32. Kd3 Rhd2+ 33. Ke3 Re2+ 34. Kd3 Red2+ 35. Ke4 Rc4+ 36. Kf5 Nd4+ 37. Kg6 Nxf3 38. Rxf3 Rc6 39. Kf7 b5 40. Ke7 Kc8 41. Rg3 Kb7 42. Re3 b4 43. Nd7 a5 44.
Ne5 Rcd6 45. Nc4 Rd7+ 46. Ke6 R2d4 47. Nxa5+ Kb6 48. Re5 R4d6+ 49. Kf5 Rd5 50. Nb3 Rxe5+ 51. Kxe5 c5 0-1

[Event "Live Chess"]
[Site "Chess.com"]
[Date "2023.05.20"]
[Round "-"]
[White "Mikhail_Golubev"]
[Black "LutherSullivan"]
[Result "1-0"]
[WhiteElo "2519"]
[BlackElo "2039"]
[TimeControl "300"]
[EndTime "14:48:02 PDT"]
[Termination "Mikhail_Golubev won on time"]

1. e4 e5 2. Nf3 Nc6 3. Bc4 Bc5 4. c3 Nf6 5. d4 exd4 6. cxd4 Bb4+ 7. Nbd2 d5 8. exd5 Nxd5 9. O-O O-O 10. a3 Be7 11.
Re1 Nb6 12. Ba2 Bg4 13. h3 Bh5 14. g4 Bg6 15. Ne4 Bd6 16. Bg5 Qd7 17. Qd2 Rae8 18. Nxd6 Qxd6 19. Bf4 Qd7 20. d5 Ne7 21. Ne5 Qb5 22. Nxg6 hxg6 23. d6 cxd6 24. Bxd6 Nbc8 25. Bb4 Rd8 26. Qe2 Qxe2 27. Rxe2 Rfe8 28. Rae1 Kf8 29. a4 Rd4 30. Re4 Rxe4 31. Rxe4 Rd8 32. Kg2 Nd6 33. Rd4 Nec8 34. a5 Ke7 35. Bd5 b6 36. a6 Kf6 37. Bc3 Nb5 38. Rd3+ Nxc3 39. bxc3 Ne7 40. c4 Nxd5 41. cxd5 Ke5 42. Re3+ Kxd5 43. Rd3+ Kc5 44. Rxd8 Kb5 45. Rf8 Kxa6 46. Rxf7 b5 47.
Rxg7 Kb6 48. Rxg6+ Ka5 49. Rg7 a6 50. Rb7 b4 51. g5 1-0

[Event "Live Chess"]
[Site "Chess.com"]
[Date "2023.05.20"]
[Round "-"]
[White "HoarseyHorsey"]
[Black "hturner40"]
[Result "1-0"]
[WhiteElo "1422"]
[BlackElo "1801"]
[TimeControl "300"]
[EndTime "14:48:14 PDT"]
[Termination "HoarseyHorsey won on time"]

1. d4 Nf6 2. c4 Nc6 3. d5 Ne5 4.
f4 Ng6 5. e4 e5 6. f5 Nxe4 7.
fxg6 Qh4+ 8. g3 Nxg3 9. hxg3 Qxh1 10. Be3 hxg6 11. Nc3 Bb4 12. Qf3 Bxc3+ 13. bxc3 d6 14. O-O-O Qxf3 15. Nxf3 Bg4 16. Be2 e4 17. Nd4 Bxe2 18.
Nxe2 Rh2 19. Kd2 O-O-O 20. Rf1 f5 21. Ke1 Rdh8 22. Rf2 Rxf2 23. Kxf2 Rh2+ 24. Ke1 a5 25. Bg5 c6 26. Bf4 Kd7 27. dxc6+ bxc6 28. Bg5 d5 29.
cxd5 cxd5 30. Bf4 Rh1+ 31. Kd2 Ra1 32. Nc1 Ke6 33. Kc2 Kf6 34. Kb2 Rxc1 35. Kxc1 g5 36.
Be3 Ke5 37. Bxg5 d4 38. cxd4+ Kxd4 39. Kd2 a4 40. Bf4 g6 41. a3 Kc4 42. Kc2 Kd4 43. Kd2 Kc4 44. Bd6 Kb3 45. Ke3 Kc2 46. Bc5 Kb3 47.
Kf4 Kc4 48. Bd6 Kd3 49. Bb4 e3 50. Kg5 1-0

[Event "Live Chess"]
[Site "Chess.com"]
[Date "2023.05.20"]
[Round "-"]
[White "xx_blindpuffin_xx"]
[Black "Long1968"]
[Result "1-0"]
[WhiteElo "2194"]
[BlackElo "1172"]
[TimeControl "300"]
[EndTime "14:48:14 PDT"]
[Termination "xx_blindpuffin_xx won on time"]

1. d4 e6 2. Bf4 c5 3. e3 Nc6 4. c3 Nf6 5. Nf3 d5 6. Nbd2 Bd6 7. Bg3 O-O 8. Bd3 Bxg3 9. hxg3 g6 10. Qe2 cxd4 11.
exd4 b6 12. O-O-O Re8 13. Ne5 Nxe5 14. dxe5 Nd7 15. Qe3 Nf8 16. Nf3 f6 17. Nd4 Qe7 18. f4 f5 19. g4 Bd7 20. gxf5 exf5 21. Bc2 Rac8 22. Bb3 Be6 23. Nxe6 Qxe6 24. Bxd5 Qxd5 25. Rxd5 Ne6 26. Qh3 Rc7 27. g3 Nc5 28. Rd6 Ne6 29. Rhd1 1-0

[Event "Live Chess"]
[Site "Chess.com"]
[Date "2023.05.20"]
[Round "-"]
[White "parcellforce"]
[Black "SupremeTactician"]
[Result "0-1"]
[WhiteElo "1385"]
[BlackElo "2367"]
[TimeControl "300"]
[EndTime "14:48:16 PDT"]
[Termination "SupremeTactician won by resignation"]

1. d4 Nf6 2. c4 e6 3. Nc3 Bb4 4. Nf3 O-O 5. e3 d5 6. cxd5 exd5 7. a3 Bxc3+ 8. bxc3 c5 9. Be2 cxd4 10.
cxd4 Nc6 11. O-O Bf5 12. Bd3 Be4 13. Bxe4 Nxe4 14. Nd2 f5 15. Nxe4 fxe4 16. Bb2 Qg5 17. Rc1 Rf6 18. h3 Raf8 19. Qg4 Qh6 20. Qd7 Rd6 21.
Qxb7 Rb8 22. Qxb8+ Nxb8 23. Rc8+ Kf7 24. Rxb8 Rb6 25.
Rxb6 Qxb6 26. Bc3 Qb3 27. Bb4 Qb2 28. f4 a5 29. Bc5 Qe2 30. g4 Qxe3+ 31. Kh2 Qe2+ 32.
Kg1 e3 33. f5 Qd2 0-1

[Event "Live Chess"]
[Site "Chess.com"]
[Date "2023.05.20"]
[Round "-"]
[White "mikkyb4"]
[Black "Nazar_777"]
[Result "0-1"]
[WhiteElo "1008"]
[BlackElo "1607"]
[TimeControl "300"]
[EndTime "14:48:17 PDT"]
[Termination "Nazar_777 won by checkmate"]

1. e4 e6 2. b3 a6 3. Bb2 h5 4. d4 c5 5. Nf3 cxd4 6. Nxd4 Nf6 7. e5 Ng4 8. f3 Nxe5 9. Nd2 Nec6 10. Nxc6 Nxc6 11.
Bd3 Bc5 12. Qe2 Qb6 13. Ne4 Bd4 14. c3 Bf6 15. Nxf6+ gxf6 16. Rd1 Ne5 17. Bc2 Qc7 18. c4 b6 19. O-O Bb7 20. Ba3 Ng6 21. Bd6 Qc6 22. Be4 Qc8 23. Bxb7 Qxb7 24. c5 bxc5 25. Bxc5 Rc8 26. b4 a5 27. a3 Nf4 28. Qb2 e5 29. g3 Nh3+ 30. Kg2 Ng5 31. Rd3 Rxc5 32. Rfd1 axb4 33.
axb4 Rb5 34. Qa2 O-O 35. Rxd7 Qxf3+ 36. Kg1 Nh3# 0-1

[Event "Live Chess"]
[Site "Chess.com"]
[Date "2023.05.20"]
[Round "-"]
[White "manthanit"]
[Black "BJAW87"]
[Result "1-0"]
[WhiteElo "1020"]
[BlackElo "1420"]
[TimeControl "300"]
[EndTime "14:48:26 PDT"]
[Termination "manthanit won by resignation"]

1. e4 c6 2. d4 d5 3. Nc3 dxe4 4. Nxe4 Nf6 5. Nxf6+ exf6 6. Nf3 Bd6 7. Bc4 O-O 8.
O-O Bg4 9. h3 Bh5 10. b3 Nd7 11. Bb2 Nb6 12. Bd3 Qc7 13. Kh1 Rad8 14. c4 c5 15. Be2 Rfe8 16. Re1 cxd4 17. Nxd4 Bxe2 18. Rxe2 Be5 19. Rd2 Qc5 20. Nf3 Bxb2 21. Rxd8 Rxd8 22. Qxd8+ Qf8 23. Qxf8+ Kxf8 24. Rd1 Ba3 25. Kg1 Ke7 26. Kf1 Nd7 27. Ke2 Nc5 28. Nd4 Ne4 29. Rd3 Nc5 30. Re3+ Kd6 31. Nb5+ Kc6 32. Nxa3 b5 33. cxb5+ 1-0

[Event "Live Chess"]
[Site "Chess.com"]
[Date "2023.05.20"]
[Round "-"]
[White "gmnorfolk"]
[Black "JanMur7"]
[Result "1-0"]
[WhiteElo "2127"]
[BlackElo "1984"]
[TimeControl "300"]
[EndTime "14:48:40 PDT"]
[Termination "gmnorfolk won by resignation"]

1. d4 Nf6 2. c4 e6 3. Nc3 d5 4. cxd5 exd5 5. Bg5 Be7 6. e3 h6 7. Bh4 O-O 8. Bd3 c6 9. Qc2 Na6 10. a3 Nc7 11. Nge2 Bg4 12. f3 Bh5 13. O-O Qd7 14. Bf2 Qe8 15. Nf4 g5 16. Nxh5 Nxh5 17. g4 Nf6 18. Bg3 Ne6 19. Bf5 Kg7 20. Kg2 Rd8 21.
Rad1 Bd6 22. Bf2 Rh8 23. h4 Qe7 24. Rh1 Rdg8 25. Rh3 Kf8 26. Rdh1 Kg7 27. Kf1 Nf8 28. e4 Ne6 29. Bxe6 Qxe6 30. e5 Bxe5 31. dxe5 Qxe5 32. hxg5 hxg5 33. Rxh8 Rxh8 34. Rxh8 Kxh8 35.
Qf5 Qxf5 36. gxf5 a6 37. Bd4 Kg7 38. Nd1 b6 39. b4 c5 40. bxc5 bxc5 41. Be5 d4 42.
Nf2 c4 43. Bxd4 c3 44. Bxc3 1-0

[Event "Live Chess"]
[Site "Chess.com"]
[Date "2023.05.20"]
[Round "-"]
[White "raminguy"]
[Black "siddu198"]
[Result "1/2-1/2"]
[WhiteElo "1956"]
[BlackElo "1631"]
[TimeControl "300"]
[EndTime "14:49:04 PDT"]
[Termination "Game drawn by repetition"]

1. d4 d5 2. Nc3 Nf6 3. Bf4 Bf5 4.
e3 Nc6 5. Nf3 a6 6. Ne5 e6 7. g4 Bg6 8. h4 h6 9. Nxg6 fxg6 10.
Qd3 Qe7 11. Qxg6+ Qf7 12. Qxf7+ Kxf7 13. Bxc7 Nxg4 14. Be2 Nf6 15. O-O-O Bb4 16. Be5 Nxe5 17. dxe5 Bxc3 18. exf6 Bxf6 19. e4 Rad8 20. exd5 Rxd5 21.
Rxd5 exd5 22. Rd1 d4 23. h5 Rd8 24. Bf3 b6 25. Be4 a5 26. f3 b5 27. Re1 b4 28. Bg6+ Kg8 29. Re6 Rc8 30. Kd1 Ra8 31. Kd2 Kf8 32. Kd3 a4 33. b3 axb3 34. axb3 Rc8 35.
f4 Rc3+ 36. Ke4 Re3+ 37. Kd5 Rxe6 38. Kxe6 Bh4 39. f5 Bf6 40. Kd5 Ke7 41. Kc4 d3 42.
Kxd3 Bc3 43. Kc4 Kd6 44. Bh7 Ke5 45. Bg6 Kf4 46. Kd3 Ke5 47. Ke3 Kf6 48. Ke4 Kg5 49. Kd5 Kf6 50. Kd6 Be5+ 51. Kd7 Bc3 52. Ke8 Be5 53.
Kd7 Bc3 54. Kc6 Be5 55. Kb5 Bc3 56. Kc4 Be1 57. Bh7 Kg5 58. Bg6 Kf6 59. Kd3 Kg5 60. Ke2 Bc3 61. Kd1 Kf6 62. Ke2 Kg5 63. Kd3 Be1 64. Ke2 Bc3 1/2-1/2

[Event "Live Chess"]
[Site "Chess.com"]
[Date "2023.05.20"]
[Round "-"]
[White "Delacorta"]
[Black "ViktorTheCoolBoy"]
[Result "0-1"]
[WhiteElo "1424"]
[BlackElo "2513"]
[TimeControl "300"]
[EndTime "14:49:04 PDT"]
[Termination "ViktorTheCoolBoy won by resignation"]

1. d4 d5 2. Nf3 Bf5 3. e3 e6 4.
Bd3 Bxd3 5. Qxd3 c6 6. b3 Nf6 7. Ba3 Bxa3 8. Nxa3 Qa5+ 9. Qd2 Qxa3 10. b4 Nbd7 11.
O-O Nb6 0-1

[Event "Live Chess"]
[Site "Chess.com"]
[Date "2023.05.20"]
[Round "-"]
[White "GMHarry-youtube"]
[Black "AbilifyXL"]
[Result "0-1"]
[WhiteElo "2027"]
[BlackElo "1970"]
[TimeControl "300"]
[EndTime "14:49:06 PDT"]
[Termination "AbilifyXL won by resignation"]

1. e4 d5 2. exd5 Qxd5 3. Nc3 Qa5 4. d4 c6 5. Nf3 Nf6 6. Bc4 Bg4 7. h3 Bh5 8. g4 Bg6 9. Ne5 Nbd7 10. f4 e6 11. h4 Be4 12. O-O Bd5 13. Bxd5 Nxd5 14. Nxd7 Kxd7 15.
Nxd5 Qxd5 16. b3 Be7 17. c4 Qe4 18. g5 Rad8 19. Qf3 Qf5 20. Rd1 Kc8 21. Bb2 Rd7 22. Rac1 Rhd8 23. Kf2 h6 24. Re1 Bd6 25. Re4 Bc7 26.
d5 exd5 27. cxd5 Rxd5 28. Rc2 Rd2+ 29. Rxd2 Rxd2+ 30. Re2 Rxe2+ 31. Kxe2 Qc2+ 32. Kf1 Qxb2 33. gxh6 gxh6 34. Qe4 Qc1+ 35. Kg2 Qxf4 36. Qe8+ Bd8 37. Qe1 Qxh4 38. Qe2 Qg5+ 39. Kh2 Bc7+ 40. Kh1 Qh4+ 41. Kg1 Qh2+ 42. Qxh2 Bxh2+ 43. Kxh2 Kd7 44. Kh3 Ke6 45.
Kh4 Kf6 46. Kh5 Kg7 47. b4 b6 48. a3 c5 49. b5 c4 50. Kg4 Kf6 51. Kf3 h5 52.
Ke3 h4 53. Kd4 h3 54. a4 h2 55. a5 h1=Q 56. axb6 axb6 57. Kxc4 Qh5 58. Kb4 Qc5+ 59.
Ka4 Qc4+ 60. Ka3 Qxb5 61. Ka2 Ke5 62. Ka1 Kd4 63. Ka2 0-1

[Event "Live Chess"]
[Site "Chess.com"]
[Date "2023.05.20"]
[Round "-"]
[White "Salpingidis"]
[Black "Oleg_Silin"]
[Result "1-0"]
[WhiteElo "2242"]
[BlackElo "1481"]
[TimeControl "300"]
[EndTime "14:49:10 PDT"]
[Termination "Salpingidis won by checkmate"]

1. d4 Nf6 2. c4 e6 3. Nc3 Bb4 4. Qc2 O-O 5. Bg5 h6 6. Bh4 d5 7.
a3 Bxc3+ 8. Qxc3 c6 9. e3 Nbd7 10. Bd3 Qc7 11. Bg3 Qb6 12. Nf3 Nh5 13. Bd6 Re8 14.
O-O f5 15. Ne5 Nhf6 16. c5 Qd8 17. b4 Nxe5 18. Bxe5 b6 19. cxb6 Qxb6 20. Rac1 Bd7 21. Qc5 Ne4 22. Qxb6 axb6 23. Ra1 c5 24. Bxe4 fxe4 25.
bxc5 bxc5 26. dxc5 Bb5 27. Rfb1 Bc4 28. Rb7 Rec8 29.
Rxg7+ Kf8 30. a4 Rxc5 31. Rh7 Rca5 32. h4 Bb3 33. Rxh6 Bxa4 34. Rxe6 Bb3 35. Rb1 Bc4 36. Rb7 R5a7 37. Bd6+ Kg8 38. Rg6+ Kh8 39. Be5# 1-0

[Event "Live Chess"]
[Site "Chess.com"]
[Date "2023.05.20"]
[Round "-"]
[White "Jo1ts"]
[Black "therealab0ne"]
[Result "1-0"]
[WhiteElo "751"]
[BlackElo "694"]
[TimeControl "300"]
[EndTime "14:49:12 PDT"]
[Termination "Jo1ts won by resignation"]

1. d4 d5 2. Bf4 Nf6 3. Nf3 e6 4.
e3 Bd6 5. Nbd2 O-O 6. Bg3 c5 7. c3 Nc6 8. Qc2 cxd4 9. cxd4 b6 10. Ng1 a5 11. Ngf3 Ba6 12. Qxc6 Bxf1 13. Rxf1 Qc7 14. Qxc7 Bxc7 15. Bxc7 Rac8 16. Bxb6 Rc2 17. b3 Ne4 18.
Nxe4 dxe4 19. Ne5 f6 20. Nc4 Rc8 21. Bxa5 Kf7 22. Kd1 1-0

[Event "Live Chess"]
[Site "Chess.com"]
[Date "2023.05.20"]
[Round "-"]
[White "IgorSchukin"]
[Black "laminaaprod"]
[Result "1-0"]
[WhiteElo "1745"]
[BlackElo "2264"]
[TimeControl "300"]
[EndTime "14:49:13 PDT"]
[Termination "IgorSchukin won on time"]

1. e4 d5 2. exd5 Qxd5 3. Nc3 Qd8 4. g3 Nf6 5. Bg2 g6 6. Nf3 Bg7 7. O-O O-O 8. d4 c6 9. h3 Nbd7 10. Bg5 Nb6 11. Re1 Be6 12. b3 Qd7 13. Kh2 Rad8 14. Qd2 Nbd5 15. Nxd5 cxd5 16. Bh6 Ne4 17. Qe3 Nd6 18. Bxg7 Kxg7 19. Qe5+ Kg8 20. Ng5 Bf5 21. Qxd5 Bxc2 22. Rac1 Bf5 23. g4 Bxg4 24. hxg4 Qxg4 25. Bh3 Qf4+ 26. Kh1 Nf5 27. Qg2 Nh4 28. Qg3 Qxd4 29. Re4 Qd5 30. Qxh4 h5 31. Bg2 Qd2 32. Rce1 e6 33.
Nf3 Qd5 34. Qf6 Qf5 35. Qxf5 exf5 36. Re7 Rd2 37. R1e2 Rxe2 38. Rxe2 Rc8 39. Ng5 Rc7 40. f4 Kg7 41. Kh2 Kf6 42. Kg3 b6 43. Bd5 Rc3+ 44. Kf2 h4 45. Nxf7 h3 46. Ng5 Rc5 47. Bc4 b5 48.
Bd3 Rc3 49. Bxb5 Rc1 50. Nxh3 Rc5 51. Bc4 Rc8 52. Ng5 Rd8 53. Re6+ Kg7 54. Re7+ Kf8 55.
Rf7+ Ke8 56. Bb5+ Rd7 57. Bxd7+ Kd8 58. Bxf5 Ke8 59. Bxg6 Kd8 60. Be4 a5 61. Ra7 Kc8 62. Rxa5 Kb8 63. Ra4 Kc8 64. f5 1-0

[Event "Live Chess"]
[Site "Chess.com"]
[Date "2023.05.20"]
[Round "-"]
[White "FlyingChessKestrel13"]
[Black "colourmefree"]
[Result "1-0"]
[WhiteElo "2114"]
[BlackElo "398"]
[TimeControl "300"]
[EndTime "14:49:22 PDT"]
[Termination "FlyingChessKestrel13 won by resignation"]

1. e4 e6 2. d4 Nc6 3. d5 exd5 4. exd5 Nf6 5. dxc6 bxc6 6. Nf3 Bb7 7. Be2 Bb4+ 8.
c3 Ba5 9. O-O O-O 10. Nbd2 Re8 11. Nc4 Bxc3 12. bxc3 Nd5 13. Qc2 Nf4 14. Bxf4 1-0

[Event "Live Chess"]
[Site "Chess.com"]
[Date "2023.05.20"]
[Round "-"]
[White "JohanKjeldahl"]
[Black "chrisbradgate"]
[Result "1-0"]
[WhiteElo "1854"]
[BlackElo "861"]
[TimeControl "300"]
[EndTime "14:49:23 PDT"]
[Termination "JohanKjeldahl won by checkmate"]

1. e4 e5 2. Nf3 Nc6 3. d4 exd4 4. c3 dxc3 5. Bc4 h6 6. Nxc3 Nf6 7. O-O Bb4 8. e5 Nh7 9. Nd5 O-O 10. Nxb4 Nxb4 11.
a3 Nc6 12. Bf4 b6 13. Bd5 Bb7 14. Rc1 g5 15. Bg3 h5 16. Qd3 h4 17. Qg6+ Kh8 18. Bxf7 Rxf7 19. Qxf7 hxg3 20. fxg3 Qe8 21. Qf5 Ne7 22. Qd3 Bxf3 23. Rxf3 c5 24. Rcf1 Ng6 25. Rf7 Qxe5 26. Qxg6 Qd4+ 27. Kh1 Qg1+ 28. Kxg1 Rg8 29.
Rxh7# 1-0

[Event "Live Chess"]
[Site "Chess.com"]
[Date "2023.05.20"]
[Round "-"]
[White "diana21strabt"]
[Black "elvenstar"]
[Result "1-0"]
[WhiteElo "1695"]
[BlackElo "1572"]
[TimeControl "300"]
[EndTime "14:49:46 PDT"]
[Termination "diana21strabt won on time"]

1. e4 d5 2. exd5 Nf6 3. Nc3 e6 4. dxe6 Bxe6 5. Nf3 Bd6 6. Bb5+ c6 7. Be2 O-O 8. O-O Nbd7 9. d3 Qc7 10. Bg5 h6 11. Bxf6 Nxf6 12. h3 Rfe8 13. Ne4 Nxe4 14. dxe4 Rad8 15. Bd3 Bc5 16. Qe2 Qf4 17. a3 Bf5 18. g3 Qxg3+ 19. Kh1 Qxh3+ 20. Nh2 Bd6 21. f4 Qh4 22. e5 Bxd3 23. cxd3 f6 24. Qg4 Qxg4 25.
Nxg4 h5 26. Nxf6+ gxf6 27. exd6 Rxd6 28. Rf3 Kf7 29. Kg2 Rh8 30. Rh1 f5 31. Rfh3 Rdh6 32. Kf2 h4 33. Re1 Re6 34. Re5 Kf6 35. d4 b6 36. Kf3 c5 37. dxc5 Rxe5 38. fxe5+ Kxe5 39. cxb6 axb6 40. b4 1-0

[Event "Live Chess"]
[Site "Chess.com"]
[Date "2023.05.20"]
[Round "-"]
[White "wot-not"]
[Black "grillage"]
[Result "0-1"]
[WhiteElo "1522"]
[BlackElo "1845"]
[TimeControl "300"]
[EndTime "14:49:50 PDT"]
[Termination "grillage won by resignation"]

1. e4 d5 2. e5 c5 3. f4 Nc6 4.
Nf3 Bg4 5. Bb5 e6 6. O-O Ne7 7. d4 a6 8. Be2 cxd4 9. Nbd2 Nf5 10. Nb3 Ne3 11. Bxe3 dxe3 12. c3 Be7 13. Nbd4 Qb6 14. Nxc6 bxc6 15. h3 Bxf3 16. Rxf3 O-O 17. b3 a5 18. Kh2 a4 19. b4 c5 20. f5 exf5 21.
Rxf5 d4 22. bxc5 Bxc5 23. Rb1 Qe6 24. Bg4 Qd5 25. Bf3 Qd7 26. Rf4 d3 27. c4 d2 28. Bxa8 Rxa8 29. Qf3 Rd8 30. Rd1 Re8 31. Rf5 g6 32. Rf6 Rxe5 33. Qa8+ Re8 34. Qd5 Qxd5 35. cxd5 e2 0-1

[Event "Live Chess"]
[Site "Chess.com"]
[Date "2023.05.20"]
[Round "-"]
[White "Wild_Tiger"]
[Black "TheSmoulderingMaster"]
[Result "0-1"]
[WhiteElo "1080"]
[BlackElo "1705"]
[TimeControl "300"]
[EndTime "14:50:01 PDT"]
[Termination "TheSmoulderingMaster won on time"]

1. d4 Nf6 2. Nf3 d6 3. Bg5 Ne4 4. Bh4 c6 5. Nc3 Qa5 6. Qd3 Bf5 7. Qe3 Qb4 8. Rb1 Na6 9. a3 Qa5 10. g3 g6 11. Bg2 Bg7 12. O-O Nxc3 13. Qxc3 Qxc3 14. bxc3 b5 15. Rb2 O-O 16. Re1 e6 17. e4 Bg4 18. h3 Bxf3 19. Bxf3 c5 20. d5 c4 21. dxe6 fxe6 22. Kg2 Nc5 23. e5 Bxe5 24. Bxa8 Rxa8 25. Bg5 Bxc3 26. Rxb5 Bxe1 27. Bh6 Ne4 28. Rb7 Bxf2 29. g4 Bd4 30. Re7 e5 31. Rg7+ Kh8 32. Rd7 c3 33. Bg7+ Kg8 34. Bh6 Bc5 35.
Rg7+ Kh8 36. a4 Nd2 37. Rc7 Nc4 38. Bg7+ Kg8 39. Bf6 Ne3+ 40. Kf3 Nxc2 41. Rg7+ Kf8 42. Rxh7 Nd4+ 43. Kg3 c2 44. Rh8+ Kf7 45. Rxa8 Kxf6 46. Rf8+ Ke7 47. Rf1 Ba3 48. Rc1 Bxc1 0-1

[Event "Live Chess"]
[Site "Chess.com"]
[Date "2023.05.20"]
[Round "-"]
[White "LanceMaster23"]
[Black "fso"]
[Result "0-1"]
[WhiteElo "1859"]
[BlackElo "2234"]
[TimeControl "300"]
[EndTime "14:50:14 PDT"]
[Termination "fso won by resignation"]

1. Nf3 Nf6 2. d4 d5 3. Bf4 e6 4. e3 c5 5. c3 Bd6 6. Bg3 cxd4 7.
exd4 Bxg3 8. hxg3 h6 9. Nbd2 Nc6 10. Bd3 a6 11. a4 Qc7 12. O-O O-O 13. Re1 Ng4 14.
Qe2 Re8 15. b4 e5 16. dxe5 Ncxe5 17. Nxe5 Rxe5 18. Qf3 Be6 19. Nb3 g6 20. Nd4 Rxe1+ 21. Rxe1 Qxc3 22. Rxe6 Qxd4 23. Bxg6 Qa1+ 0-1

[Event "Live Chess"]
[Site "Chess.com"]
[Date "2023.05.20"]
[Round "-"]
[White "BearFromUkraine"]
[Black "CeladonFish"]
[Result "0-1"]
[WhiteElo "1058"]
[BlackElo "1156"]
[TimeControl "300"]
[EndTime "14:50:26 PDT"]
[Termination "CeladonFish won - game abandoned"]

1. e4 d6 2. d4 Nf6 3. Nc3 g6 4. Bc4 Nxe4 5. Nxe4 d5 6. Bxd5 Qxd5 7. Qd3 Bf5 8. f3 Nc6 9. Be3 Nb4 10. Qb3 Qxb3 11.
axb3 Nxc2+ 12. Kd2 Nxa1 0-1

[Event "Live Chess"]
[Site "Chess.com"]
[Date "2023.05.20"]
[Round "-"]
[White "AzizChess2019"]
[Black "ProfPoisson"]
[Result "1-0"]
[WhiteElo "1735"]
[BlackElo "1118"]
[TimeControl "300"]
[EndTime "14:50:42 PDT"]
[Termination "AzizChess2019 won by resignation"]

1. e4 e5 2. Bc4 Nf6 3. Nf3 Nxe4 4. d3 d5 5. dxe4 dxc4 6. Qxd8+ Kxd8 7. Nxe5 Be6 8. O-O Bd6 9. Nf3 Nc6 10. c3 f5 11.
exf5 Bxf5 12. Bg5+ Be7 13. Nbd2 Bxg5 14. Nxg5 Rf8 15.
Rfd1 Bd3 16. Nxc4 Kd7 17. Nf3 Rae8 18. Ne1 Rxe1+ 19. Rxe1 Bxc4 20. Rad1+ Kc8 21. b3 Bf7 22. Rd3 h5 23. Rde3 g5 24. h3 g4 25. hxg4 hxg4 26. Re4 Bh5 27. g3 Nd8 28. Kg2 Nf7 29. Rf4 Kd8 30.
Rh1 Bg6 31. Rxg4 Ne5 32. Rd4+ Ke7 33. Re1 Kf6 34. Rf4+ Ke6 35. Rxf8 1-0